 Dungeon Crawl Stone Soup version 0.16.1-14-g82efdee (webtiles) character file.

102 hulla the Changer (level 4, -1/31 HPs)
             Began as an Octopode Transmuter on Apr 13, 2015.
             Killed by divine providence
             ... invoked by an orc priest
              (11 damage)
             ... on level 3 of the Dungeon.
             The game lasted 00:10:45 (2379 turns).

hulla the Changer (Octopode Transmuter)             Turns: 2379, Time: 00:10:45

Health: -1/31      AC:  2    Str:  9    XL:     4   Next: 78%
Magic:  5/7        EV: 12    Int: 16    God:
Gold:   96         SH:  0    Dex: 12    Spells: 3 memorised, 1 level left

rFire  + . .     SeeInvis .       - Unarmed
rCold  + . .     Clarity  .     (no shield)
rNeg   . . .     SustAb   .     (helmet restricted)
rPois  .         Gourm    .     (no amulet)
rElec  .         Spirit   .     e - ring of protection from cold
rCorr  .         Warding  .     p - ring of protection from fire
rMut   .         Stasis   .     (no ring)
MR     .....                    (no ring)
Stlth  ++........               (no ring)
                                (no ring)
                                (no ring)
                                (no ring)

@: not resistant to hostile enchantments, unstealthy
A: almost no armour, amphibious, 8 rings, constrict 8, rugged brown scales 1,
camouflage 1, blink 1, robust 1, gelatinous body 1
a: Blink


You were on level 3 of the Dungeon.
You were not hungry.

You visited 1 branch of the dungeon, and saw 3 of its levels.

You collected 96 gold pieces.

Inventory:

Missiles
 b - 35 arrows
 f - 4 sling bullets of frost
 g - 2 curare-tipped needles
 j - 73 stones (quivered)
Jewellery
 e - a ring of protection from cold (left tentacle)
 p - a ring of protection from fire (right tentacle)
Scrolls
 c - 2 scrolls of remove curse
 i - 2 scrolls of identify {unknown}
 l - a scroll of blinking
 n - a scroll of enchant armour {unknown}
 o - a scroll of amnesia
 q - a scroll of fog {unknown}
Potions
 k - a potion of invisibility
 m - a potion of might {unknown}
 s - a potion of curing {unknown}
Books
 d - a book of Changes

   Spells                             Type                      Level
   a - Beastly Appendage              Transmutation                1
   b - Sticks to Snakes               Transmutation                2
   c - Spider Form                    Transmutation/Poison         3
   d - Ice Form                       Ice/Transmutation            4
   e - Blade Hands                    Transmutation                5
Comestibles
 a - a bread ration
 h - 2 beef jerkies
 r - a chunk of flesh


   Skills:
 - Level 1.0 Fighting
 - Level 2.0 Dodging
 - Level 3.0 Unarmed Combat
 - Level 2.0 Spellcasting
 + Level 4.0 Transmutations
 + Level 2.9 Poison Magic


You had one spell level left.
You knew the following spells:

 Your Spells              Type           Power        Failure   Level  Hunger
a - Beastly Appendage     Trmt           ##....       4%          1    #......
b - Spider Form           Trmt/Pois      ##........   17%         3    ###....
c - Sticks to Snakes      Trmt           ##........   8%          2    ###....


Dungeon Overview and Level Annotations

Branches:
Dungeon (3/15)

Altars:
Ashenzari
Dithmenos


Innate Abilities, Weirdness & Mutations

You cannot wear most types of armour.
You are amphibious.
You can wear up to eight rings at the same time.
You can use your tentacles to constrict many enemies at once.
Your skin changes colour to match your surroundings (Stealth).
Your rubbery body absorbs attacks (AC +1).
You are partially covered in rugged brown scales (AC +1, +3% HP).
You can translocate small distances at will.
You are robust (+10% HP).


Message History

The orc priest hits you but does no damage.
You barely miss the orc priest.
The orc priest is lightly wounded.
Your transformation is almost over.
The orc priest misses you. The phantom hits you!
You hit the orc priest.
The orc priest is poisoned.
The orc priest is heavily wounded.
The phantom misses you.
The orc wizard gestures wildly while chanting.
The orc wizard seems to speed up.
The orc priest glows brightly for a moment.
The orc priest invokes the aid of Beogh against you.
Something smites you!
* * * LOW HITPOINT WARNING * * *
The phantom blinks!
Your transformation has ended.
The orc priest calls down the wrath of Beogh upon you.
Something smites you!
You die...

.## #.###.o.. ... ## #
..###......o####.# ..### #
...#...# #.o..#.###..... .......#
####.#.#...##..# .......#
#.o......#...##### .......#####
###..............### .......)...#
#W......#[####.... ...........#
#..)...##.###....#
.#.........#####@.....##.....##.#
##.#..................##....###.#
#.#.......#.......##..#........#
..#.............#.##........####
#######..#.........###.......##
### #............###.#...#..#
..## #...##...#.......#...##.###
...# ###.#....##..#.......##...<
...# #..........##............


You could see a phantom and an orc priest.

Vanquished Creatures
  Ijyb (D:2)
  2 worms
  4 giant geckos
  3 ball pythons
  3 giant cockroaches
  7 goblins
  8 hobgoblins
  4 jackals
  7 kobolds
  2 quokkas (D:2)
  10 bats
  6 giant newts
  7 rats
64 creatures vanquished.

Notes
Turn   | Place    | Note
--------------------------------------------------------------
     0 | D:1      | hulla, the Octopode Transmuter, began the quest for the Orb.
     0 | D:1      | Reached XP level 1. HP: 13/13 MP: 3/3
    49 | D:1      | Reached XP level 2. HP: 18/18 MP: 4/4
   441 | D:1      | Reached XP level 3. HP: 23/23 MP: 4/6
   446 | D:1      | Learned a level 3 spell: Spider Form
   449 | D:1      | Learned a level 2 spell: Sticks to Snakes
  1125 | D:2      | Reached skill level 1 in Poison Magic
  1145 | D:2      | Gained mutation: You are partially covered in rugged brown scales (AC +1, +3% HP). [potion of mutation]
  1145 | D:2      | Gained mutation: You can translocate small distances at will. [potion of mutation]
  1145 | D:2      | Gained mutation: You are robust (+10% HP). [potion of mutation]
  1369 | D:2      | Noticed Ijyb
  1390 | D:2      | Killed Ijyb
  1390 | D:2      | Reached XP level 4. HP: 16/31 MP: 4/7
  1639 | D:2      | Found a shattered altar of Ashenzari.
  2064 | D:3      | Found a shadowy altar of Dithmenos.
  2329 | D:3      | Reached skill level 4 in Transmutations
  2363 | D:3      | Noticed a phantom
  2379 | D:3      | Killed from afar by an orc priest

Action                   |  1- 3 |  4- 6 || total
-------------------------+-------+-------++-------
Melee: Unarmed           |   122 |    67 ||   189
Throw: Stone             |       |     5 ||     5
 Cast: Beastly Appendage |    14 |     6 ||    20
       Spider Form       |     3 |     3 ||     6
 Abil: Blink             |     1 |       ||     1
  Use: Potion            |     5 |       ||     5
       Scroll            |     4 |     1 ||     5
 Stab: Sleeping          |     6 |     2 ||     8
  Eat: Chunk             |     2 |     4 ||     6
